 Dungeon Crawl Stone Soup version 0.26.1-11-gd32895ea62 (webtiles) character file.

Game seed: 1043528786381266028

56 promet the Caller (level 3, -3/16 (20) HPs)
             Began as a Tengu Summoner on June 27, 2021.
             Killed by nerve-wracking pain
             ... invoked by Jessica
              (14 damage)
             ... on level 2 of the Dungeon.
             The game lasted 00:10:19 (1455 turns).

promet the Caller (Tengu Summoner)                  Turns: 1455, Time: 00:10:19

HP:   -3/16 (20)    AC:  2    Str:  8    XL:     3   Next: 97%
MP:   3/7           EV: 13    Int: 16    God:
Gold: 76            SH:  0    Dex: 14    Spells: 4/7 levels left

rFire    + . .     SeeInvis .   a - +0 mace
rCold    x . .     Faith    .   (no shield)
rNeg     . . .     Spirit   .   b - +0 robe
rPois    .         Reflect  .   (helmet restricted)
rElec    .         Harm     .   (no cloak)
rCorr    .         Rampage  .   (no gloves)
Will     .....     Rnd*Tele +   (boots unavailable)
Stlth    ++........             (no amulet)
HPRegen  0.45/turn              f - ring of fire
MPRegen  0.10/turn              g - ring of teleportation (curse)

@: heavily drained
A: beak, talons 3, blurry vision 1, regeneration 1
a: no special abilities


You were on level 2 of the Dungeon.
You visited 1 branch of the dungeon, and saw 2 of its levels.

You collected 76 gold pieces.

Inventory:

Hand Weapons
 a - a +0 mace (weapon)
Missiles
 c - 29 bolts
 d - 70 stones (quivered)
Armour
 b - a +0 robe (worn)
Jewellery
 f - a ring of fire (left hand)
 g - a cursed ring of teleportation (right hand)
Scrolls
 e - a scroll of teleportation


   Skills:
 * Level 1.2 Fighting
 + Level 0.4 Maces & Flails
 + Level 2.3 Dodging
 + Level 2.0 Stealth
 + Level 2.5 Spellcasting
 + Level 5.6 Summonings


You had 4 spell levels left.
You knew the following spells:

 Your Spells              Type           Power        Failure   Level
a - Summon Small Mammal   Summ           80%          1%          1
b - Call Imp              Summ           20%          3%          2

Your spell library contained the following spells:

 Spells                   Type           Power        Failure   Level
 Call Canine Familiar     Summ           20%          6%          3
 Summon Guardian Golem    Hex/Summ       11%          19%         3
 Summon Ice Beast         Ice/Summ       11%          52%         4
 Summon Lightning Spire   Summ/Air       11%          52%         4


Dungeon Overview and Level Annotations

Branches:
Dungeon (2/15)

Altars:
Xom

Annotations:
D:2 Jessica, Terence


Innate Abilities, Weirdness & Mutations

You have a beak for a mouth.
You have claws for feet.
Scrolls take you a little longer to read.
Your natural rate of healing is unusually fast.


Message History

Your crimson imp blinks!
Jessica hits your crimson imp but does no damage.
Your white imp hits the adder.
Your white imp freezes the adder.
The adder seems to slow down.
Your crimson imp completely misses the adder.
The dart slug bites your crimson imp but does no damage.
The adder bites your white imp but does no damage.
Jessica hits you.
Your white imp barely misses the adder.
Your crimson imp blinks!
You barely miss Jessica. Your kick misses Jessica.
Your crimson imp closely misses the adder.
The adder bites your white imp. Jessica hits you.
Your white imp completely misses the adder.
Your crimson imp closely misses the adder.
Terence hits your white imp with a +0 falchion of draining.
You hit Jessica but do no damage.
Jessica points at you and mumbles some strange words.
Pain shoots through your body!
Ouch! That really hurt!
You die...

#### ###.≈≈### ##..≈≈≈≈≈## .
###...≈≈≈≈≈≈# ...
......≈≈≈≈≈≈##########.....
.......≈≈≈≈≈#..##...@5......
......≈≈≈≈≈≈#..@@..5Sw....)r.
###...≈≈≈≈≈≈#..#######........
.###...≈≈≈≈##..# ...... ##
###≈≈≈###...#######........S.#
#
######.............§........@
#
#..........####.......#.....#
# #....).....# .#####...### ##
#..........# .# .##
############ ##


You could see Terence, an adder (slow), a dart slug, Jessica, a friendly crimson
imp (summoned) and a friendly white imp (summoned).

Vanquished Creatures
  A scorpion (D:2)
  3 bats (D:1)
  A giant cockroach (D:2)
  2 goblins (D:1)
  3 hobgoblins
  A kobold (D:2)
  3 frilled lizards
  A rat (D:1)
15 creatures vanquished.

Vanquished Creatures (collateral kills)
  A dart slug (D:1)
  A giant cockroach (D:2)
  2 goblins
  4 hobgoblins
  A kobold (D:2)
  2 bats
  2 frilled lizards (D:1)
13 creatures vanquished.

Grand Total: 28 creatures vanquished

Notes
Turn   | Place    | Note
-------+----------+-------------------------------------------
     0 | D:1      | promet the Tengu Summoner began the quest for the Orb.
     0 | D:1      | Reached XP level 1. HP: 10/10 MP: 4/4
    64 | D:1      | Reached skill level 5 in Summonings
   355 | D:1      | Reached XP level 2. HP: 15/15 MP: 6/6
   358 | D:1      | Learned a level 2 spell: Call Imp
   400 | D:1      | Gained mutation: Scrolls take you a little longer to read.
                  | [potion of mutation]
   400 | D:1      | Gained mutation: Your natural rate of healing is unusually
                  | fast. [potion of mutation]
  1119 | D:2      | Found a shimmering altar of Xom.
  1151 | D:2      | Noticed a scorpion
  1176 | D:2      | Noticed Terence
  1184 | D:2      | Killed a scorpion
  1185 | D:2      | Reached skill level 1 in Fighting
  1185 | D:2      | Reached XP level 3. HP: 19/20 MP: 1/7
  1214 | D:2      | Noticed Jessica
  1455 | D:2      | Killed from afar by Jessica

Illustrated notes

Levels and vault maps discovered:
D:1:      matt_arrival_los_fun, layout_basic
D:2:      layout_rooms, xom_teletrap_fun, lemuel_round_altar,
          nicolae_underground_beach, uniq_terence, uniq_jessica

Skill      XL: |  1  2 |
---------------+-------+-----
Summonings     | 5 |  5.6
Fighting       | 1 |  1.2
Maces & Flails | |  0.4
Dodging        | |  2.3
Stealth        | |  2.0
Spellcasting   | |  2.5

Action                   || total
-------------------------++-------
Melee: Club              ||    24
       Kick              ||     8
       Peck              ||     4
       Mace              ||    25
Throw: Stone             ||     1
 Cast: Summon Small Mamm ||    23
       Call Imp          ||     8
  Use: Scroll            ||     4
       Potion            ||     3
 Stab: Sleeping          ||     1
Armor: Robe              ||     7
Dodge: Dodged            ||    50
